 Dungeon Sprint DCSS version 0.31-a0-7-g51783674b7 (webtiles) character file.

Game seed: 13263704771493490302

21 sircluck the Trooper (level 2, -2/28 HPs)
             Began as a Hill Orc Fighter on May 5, 2023.
             Succumbed to a scorpion's poison
             ... in the Dungeon (Sprint III: "The Ten Rune Challenge").
             The game lasted 00:00:16 (68 turns).

sircluck the Trooper (Hill Orc Fighter)               Turns: 68, Time: 00:00:17

Health: -2/28      AC:  7    Str: 18    XL:     2   Next: 87%
Magic:  2/2        EV:  9    Int:  8    God:
Gold:   0          SH:  4    Dex: 10    Spells: 1/1 levels left

rFire   . . .        a - +0 war axe
rCold   . . .        c - +0 buckler
rNeg    . . .        b - +0 scale mail
rPois   .            (no helmet)
rElec   .            (no cloak)
rCorr   .            (no gloves)
SInv    .            (no boots)
Will    .....        (no amulet) Stlth
                     (no ring)
HPRegen 0.24/turn    (no ring)
MPRegen 0.08/turn

%: no teleportation
@: lethally poisoned (-2 -> -15)
A: no striking features
a: no special abilities


You were in the Dungeon.
You visited 1 branch

Inventory:

Hand Weapons
 a - a +0 war axe (weapon)
Armour
 b - a +0 scale mail (worn)
 c - a +0 buckler (worn)
Scrolls
 j - a scroll of blinking
Potions
 d - a potion of might
 e - a potion of curing
 f - a potion of heal wounds
 g - a potion of haste
 h - 2 potions of magic
 i - a potion of berserk rage
 k - a potion of mutation {unknown}


   Skills:
 + Level 4.9 Fighting
 + Level 3.7 Axes
 + Level 4.5 Armour
 + Level 0.6 Dodging
 + Level 4.4 Shields


You had one spell level left.
You didn't know any spells.
Your spell library was empty.

Dungeon Overview and Level Annotations

Branches:
Dungeon (1/1)

Altars:


Message History

The human is lightly wounded.
The human closely misses you.
You hit the human.
The human is lightly wounded.
The human hits you.
* * * LOW HITPOINT WARNING * * *
You slash the human!
The human is moderately wounded.
The human barely misses you. x2
You slash the human!
The human is heavily wounded.
The human hits you but does no damage.
You slash the human!
The human is almost dead.
You block the human's attack. The human misses you.
Unknown command.
You slash the human!
You kill the human!
Your Axes skill increases to level 3!
Your Armour skill increases to level 4!
Your Shields skill increases to level 4!
You have reached level 2!
You slash the scorpion!
The scorpion is heavily wounded.
The scorpion barely misses you. You block the scorpion's attack.
You barely miss the scorpion.
The scorpion is heavily wounded.
The scorpion barely misses you.
The scorpion stings you but does no damage.
You hit the scorpion.
The scorpion is severely wounded.
The scorpion stings you but does no damage.
You completely miss the scorpion.
The scorpion is severely wounded.
The scorpion stings you.
* * * LOW HITPOINT WARNING * * *
You are lethally poisoned!
The scorpion poisons you! The scorpion completely misses you.
You closely miss the scorpion.
The scorpion is severely wounded.
You die...

▓..##...†...# ..#
▓##.##.##...# ..#
##.##.###..# #..#
▓#.####.##..# ...+
▓.###..##..## #...#
▓#.....##..###....#
###†.##...##.....#
##..##....#s.....#
#..###..##@#.....#
#(.# #.. ####....#
▓▓▓▓ ▓▓▓ ▓▓▓▓▓


You could see a scorpion.

Vanquished Creatures
  A human (D)
  An endoplasm (D)
  3 rats (D)
5 creatures vanquished.

Notes
Turn   | Place    | Note
-------+----------+-------------------------------------------
     0 | D        | sircluck the Hill Orc Fighter began the quest for the Orb.
     0 | D        | Reached XP level 1. HP: 19/19 MP: 1/1
    42 | D        | Noticed a scorpion
    59 | D        | HP: 1/20 [human (6)]
    64 | D        | Reached XP level 2. HP: 3/28 MP: 2/2
    68 | D        | Succumbed to a scorpion's poison

Illustrated notes

Levels and vault maps discovered:
D:        dungeon_sprint_mu [sprint_mu_entry_cave, sprint_mu_temple_rooms,
          sprint_mu_d1_spiders, sprint_mu_d2_genie, sprint_mu_d3_branching,
          sprint_mu_orc_legion, sprint_mu_elf_gauntlet, sprint_mu_hive_nellie,
          sprint_mu_lair_fedhas, sprint_mu_vaults_butterflies,
          sprint_mu_slime_circle, sprint_mu_shoals_kraken,
          sprint_mu_snake_twists, sprint_mu_blade_basic,
          sprint_mu_crypt_fortress, sprint_mu_tomb_spiral,
          sprint_mu_vestibule_basic, sprint_mu_gehenna_hellfire,
          sprint_mu_dis_giant, sprint_mu_tartarus_statrot,
          sprint_mu_cocytus_islands, sprint_mu_zot1]

Skill      XL: |  1 |
---------------+----+-----
Fighting       | 4 |  4.9
Axes           | 3 |  3.7
Armour         | 4 |  4.5
Shields        | 4 |  4.4
Dodging        | |  0.6

Action                     || total
---------------------------++-------
  Melee: War axe           ||    28
 Armour: Scale mail        ||     8
  Dodge: Dodged            ||    22
  Block: Buckler           ||     9

Table legend: (Time is in decaauts)
 A = Elapsed time spent in this place.
 B = Non-inter-level travel time spent in this place.
 C = Inter-level travel time spent in this place.
 D = Time resting spent in this place.
 E = Time spent auto-exploring this place.
 F = Levels seen in this place.
 G = Mean time per level.
                   A        B        C        D        E       F      G
               +--------+--------+--------+--------+--------+-----+--------+
         Total |     77 |     77 |      0 |      0 |     26 |   1 |   77.0 |
       Dungeon |     77 |     77 |      0 |      0 |     26 |   1 |   77.0 |
               +--------+--------+--------+--------+--------+-----+--------+

Top non-repeatable levels by time:
       D: 77 daAuts
